 Dungeon Crawl Stone Soup version 0.19.5 (webtiles) character file.

518 Hybris the Basher (level 7, -23/76 HPs)
             Began as an Ogre Fighter on Apr 2, 2017.
             Annihilated by an ogre
             ... wielding a cursed -1 giant spiked club
              (28 damage)
             ... on level 4 of the Dungeon.
             The game lasted 00:08:11 (4067 turns).

Hybris the Basher (Ogre Fighter)                    Turns: 4067, Time: 00:08:11

Health: -23/76     AC:  3    Str: 24    XL:     7   Next: 21%
Magic:  7/7        EV: 13    Int: 12    God:
Gold:   137        SH: 10    Dex: 14    Spells: 0 memorised, 6 levels left

rFire  . . .     SeeInvis .     a - +0 flail
rCold  . . .     Gourm    .     b - +0 robe
rNeg   . . .     Faith    .     c - +1 shield
rPois  .         Spirit   .     (helmet restricted)
rElec  .         Reflect  .     (no cloak)
rCorr  .         Harm     .     (gloves unavailable)
MR     .....                    (boots unavailable)
Stlth  +++.......               h - amulet of regeneration
                                p - ring of stealth
                                (no ring)

@: brilliant, agile, flying
A: unfitting armour, tough skin 1
a: no special abilities


You were on level 4 of the Dungeon.
You were not hungry.

You visited 1 branch of the dungeon, and saw 4 of its levels.
You also visited: Sewer.

You collected 137 gold pieces.

Inventory:

Hand Weapons
 a - a +0 flail (weapon)
Missiles
 j - 127 stones (quivered)
Armour
 b - a +0 robe (worn)
 c - a +1 shield (worn)
Jewellery
 h - an amulet of regeneration (around neck)
 p - a ring of stealth (right hand)
Wands
 x - a wand of flame (33/48)
 z - a wand of polymorph (10/24)
Scrolls
 k - 2 scrolls of fog
 l - a scroll of identify
 n - a scroll of random uselessness {unknown}
 o - a scroll of remove curse
 u - a scroll of blinking
 v - a scroll of immolation {unknown}
 y - 2 scrolls of enchant weapon {unknown}
 A - a scroll of magic mapping {unknown}
Potions
 d - 5 potions of might
 g - 2 potions of flight
 i - 2 potions of resistance {unknown}
 m - 3 potions of brilliance
 q - 2 potions of agility
 r - a potion of haste {unknown}
 t - a potion of cancellation {unknown}
 w - 2 potions of curing {unknown}
Comestibles
 f - a bread ration
 s - 4 meat rations
 B - 3 chunks of flesh


   Skills:
 + Level 6.8 Fighting
 * Level 8.4 Maces & Flails
 - Level 2.6 Dodging
 - Level 2.6 Shields


You had 6 spell levels left.
You didn't know any spells.

Dungeon Overview and Level Annotations

Branches:
Dungeon (4/15)
 Temple: D:4-7

Altars:
Makhleb
Nemelex Xobeh


Innate Abilities, Weirdness & Mutations

You are too large for most types of armour.
You have tough skin. (AC +1)


Message History

The ogre is moderately wounded.
You block the ogre's attack.
It was a potion of flight.
You feel very buoyant.
You fly up into the air.
You hit the ogre.
The ogre is moderately wounded.
The ogre barely misses you.
You sock the ogre!
The ogre is heavily wounded.
The ogre hits you with a giant spiked club!!
* * * LOW HITPOINT WARNING * * *
It was a potion of magic.
Magic courses through your body. You block the ogre's attack.
It was a potion of brilliance.
You feel clever all of a sudden.
It was a potion of agility.
You feel agile all of a sudden.
The ogre hits you with a giant spiked club!!
You die...

#.# #.##.
#.# #.##.
#########.#
#.##.
#.........##
#.##.
#####......#
#.##.
#......#
#.##.
#......#
#.###
#......# #.#
#..@...#
#.###
#..O%..#
#....
#......#
#####
#......#
'%.....#
##......#
.......#
.....####


You could see an ogre.

Vanquished Creatures
  A phantom (D:4)
  An ogre (D:3)
  A big kobold (Sewer)
  A scorpion (D:4)
  Ijyb (D:3)
  Terence (D:3)
  A worker ant (D:4)
  4 adders
  2 oozes
  An adder skeleton (D:3)
  A worm (D:2)
  A dart slug (D:1)
  2 orcs (D:3)
  A ball python (D:4)
  6 giant cockroaches
  14 goblins
  5 hobgoblins
  7 jackals
  A quokka (D:3)
  8 bats
  7 frilled lizards
  18 kobolds
  A quokka skeleton (D:4)
  19 rats
105 creatures vanquished.

Notes
Turn   | Place    | Note
-------+----------+-------------------------------------------
     0 | D:1      | Hybris the Ogre Fighter began the quest for the Orb.
     0 | D:1      | Reached XP level 1. HP: 24/24 MP: 1/1
   265 | D:1      | Reached skill level 3 in Maces & Flails
   525 | D:1      | Reached XP level 2. HP: 31/32 MP: 2/2
  1040 | D:1      | Reached XP level 3. HP: 36/40 MP: 3/3
  1258 | D:1      | Reached skill level 4 in Maces & Flails
  1521 | D:2      | Found a sparkling altar of Nemelex Xobeh.
  1800 | D:2      | Reached XP level 4. HP: 46/49 MP: 4/4
  2020 | D:2      | Reached skill level 5 in Fighting
  2020 | D:2      | Reached skill level 5 in Maces & Flails
  2099 | D:2      | Found a burning altar of Makhleb.
  2360 | D:3      | Noticed Terence
  2387 | D:3      | Killed Terence
  2387 | D:3      | Reached XP level 5. HP: 13/57 MP: 5/5
  2652 | D:3      | Noticed Ijyb
  2666 | D:3      | Killed Ijyb
  2754 | D:3      | Noticed an ogre
  2773 | D:3      | Reached skill level 6 in Maces & Flails
  2780 | D:3      | Killed an ogre
  2780 | D:3      | Reached XP level 6. HP: 28/67 MP: 6/6
  3025 | D:4      | Noticed a phantom
  3042 | D:4      | Found a glowing drain.
  3262 | D:4      | Reached skill level 7 in Maces & Flails
  3274 | D:4      | Killed a phantom
  3460 | Sewer    | Entered a sewer
  3644 | Sewer    | Reached skill level 8 in Maces & Flails
  3644 | Sewer    | Reached XP level 7. HP: 25/76 MP: 7/7
  4064 | D:4      | HP: 3/76 [ogre/giant spiked club (23)]
  4067 | D:4      | Annihilated by an ogre

Skill      XL: |  1  2  3  4  5  6 |
---------------+-------------------+-----
Maces & Flails | 3 4 5 6 8 |  8.4
Fighting       | 5 6 |  6.8
Dodging        | |  2.6
Shields        | |  2.6

Action                   |  1- 3 |  4- 6 |  7- 9 || total
-------------------------+-------+-------+-------++-------
Melee: Flail             |   114 |   208 |    68 ||   390
  Use: Potion            |       |     1 |     4 ||     5
       Scroll            |       |     5 |       ||     5
 Stab: Sleeping          |     2 |     2 |       ||     4
  Eat: Chunk             |     3 |     6 |     2 ||    11
Armor: Robe              |    30 |    51 |     9 ||    90
Dodge: Dodged            |    31 |    56 |    24 ||   111
Block: Shield            |    53 |    97 |    40 ||   190
